 Dungeon Crawl Stone Soup version 0.26-a0-710-g95a0c6c400 (webtiles) character file.

Game seed: 16752484046717895295

44 Riddle the Stinger (level 3, 26/26 HPs)
             Began as a Formicid Venom Mage on Oct 30, 2020.
             Quit the game on level 2 of the Dungeon.
             The game lasted 00:05:42 (2087 turns).

Riddle the Stinger (Formicid Venom Mage)            Turns: 2087, Time: 00:05:42

Health: 26/26      AC:  2    Str: 12    XL:     3   Next: 87%
Magic:  7/7        EV: 12    Int: 15    God:
Gold:   51         SH:  0    Dex: 11    Spells: 4/7 levels left

rFire    . . .     SeeInvis +   c - +0 dagger
rCold    . . .     Faith    .   (no shield)
rNeg     . . .     Spirit   .   a - +0 robe
rPois    .         Reflect  .   (helmet unavailable)
rElec    .         Harm     .   (no cloak)
rCorr    .         Rampage  .   (no gloves)
MR       .....                  (no boots)
Stlth    ++........             (no amulet)
HPRegen  0.08/turn              (no ring)
MPRegen  0.10/turn              (no ring)

@: no status effects
A: permanent stasis, dig shafts and tunnels, four strong arms, antennae 3
a: Dig, Shaft Self


You were on level 2 of the Dungeon.
You visited 1 branch of the dungeon, and saw 2 of its levels.

You collected 51 gold pieces.

Inventory:

Hand Weapons
 c - a +0 dagger (weapon)
Armour
 a - a +0 robe (worn)
Jewellery
 g - a +6 ring of strength {unknown}
Scrolls
 b - 4 scrolls of identify {unknown}
 d - a scroll of magic mapping {unknown}
 e - 2 scrolls of teleportation {unknown}
Potions
 f - a potion of heal wounds {unknown}


   Skills:
 + Level 1.4 Fighting
 - Level 1.7 Dodging
 + Level 3.2 Stealth
 + Level 2.7 Spellcasting
 - Level 1.1 Transmutations
 + Level 4.6 Poison Magic


You had 4 spell levels left.
You knew the following spells:

 Your Spells              Type           Power        Failure   Level
a - Sting                 Tmut/Pois      ##..         6%          1
b - Poisonous Vapours     Pois/Air       #.....       12%         2

Your spell library contained the following spells:

 Spells                   Type           Power        Failure   Level
 Ignite Poison            Fire/Tmut/Pois #.......     28%         3
 Olgreb's Toxic Radiance  Pois           ###.....     30%         4
 Mephitic Cloud           Conj/Pois/Air  #.......     32%         3


Dungeon Overview and Level Annotations

Branches:
Dungeon (2/15)

Altars:
Nemelex Xobeh


Innate Abilities, Weirdness & Mutations

You cannot be hasted, slowed, berserked, paralysed or teleported.
You can dig through walls and to a lower floor.
Your four strong arms can wield two-handed weapons with a shield.
You have a pair of large antennae on your head. (SInv)


Message History

HP restored.
You open the door.
Found a sparkling altar of Nemelex Xobeh.
There is an open door here.
There is a sparkling altar of Nemelex Xobeh here.
You open the door.
There is a sparkling altar of Nemelex Xobeh here.
You kneel at the altar of Nemelex Xobeh.
You kneel at the altar of Nemelex Xobeh.
Unknown command.
Press < or > to pray at altars.
Unknown command.
Press < or > to pray at altars.
There is an open door here.
e - 2 scrolls labeled OLUAH TARCHUYP (gained 1) Unknown command.
Saving game... please wait.
Welcome back, Riddle the Formicid Venom Mage.
Press ? for a list of commands and other information.
Are you sure you want to abandon this character and quit the game? (Confirm with "yes".)

####### ##.....#
######..#....##
#......###....##
.#.#..w#####....##
.# #..###.###....#
.# #.###._.###...#
.# #..###.###....#
.#.#...#'#'#....@##
.#......###........#
.######..#..######.#
.............# .#
.........###.# #
########## .# .# #.#
########+### #.#
#..........# #.#


There were no monsters in sight!

Vanquished Creatures
  An adder (D:2)
  An ooze (D:1)
  A worm (D:2)
  A dart slug (D:2)
  3 bats (D:1)
  A giant cockroach (D:1)
  3 goblins (D:1)
  7 hobgoblins
  2 kobolds (D:1)
  5 rats (D:1)
25 creatures vanquished.

Notes
Turn   | Place    | Note
-------+----------+-------------------------------------------
     0 | D:1      | Riddle the Formicid Venom Mage began the quest for the Orb.
     0 | D:1      | Reached XP level 1. HP: 13/13 MP: 3/3
   328 | D:1      | Reached XP level 2. HP: 20/20 MP: 1/5
   413 | D:1      | Learned a level 2 spell: Poisonous Vapours
   598 | D:1      | Reached skill level 1 in Fighting
   944 | D:1      | Reached XP level 3. HP: 26/26 MP: 1/6
  2071 | D:2      | Found a sparkling altar of Nemelex Xobeh.
  2087 | D:2      | Quit the game

Illustrated notes

Levels and vault maps discovered:
D:1:      dpeg_arrival_subterranean_lakeside_camping, layout_loops_ring
D:2:      layout_basic, hangedman_abyss_or_decor_lesser_grid, st_stairs_8,
          nemelex_diamond_rough_becter

Skill      XL: |  1  2 |
---------------+-------+-----
Fighting       | 1 |  1.4
Stealth        | 3 |  3.2
Dodging        | |  1.7
Spellcasting   | |  2.7
Transmutations | |  1.1
Poison Magic   | |  4.6

Action                   || total
-------------------------++-------
Melee: Dagger            ||    18
 Cast: Sting             ||    28
       Poisonous Vapours ||    22
 Abil: Dig               ||     5
Armor: Robe              ||     5
Dodge: Dodged            ||    16

Table legend: (Time is in decaauts)
 A = Elapsed time spent in this place.
 B = Non-inter-level travel time spent in this place.
 C = Inter-level travel time spent in this place.
 D = Time resting spent in this place.
 E = Time spent auto-exploring this place.
 F = Levels seen in this place.
 G = Mean time per level.
                   A        B        C        D        E       F      G
               +--------+--------+--------+--------+--------+-----+--------+
         Total |   2089 |   2073 |     16 |    883 |    646 |   2 | 1044.5 |
       Dungeon |   2089 |   2073 |     16 |    883 |    646 |   2 | 1044.5 |
               +--------+--------+--------+--------+--------+-----+--------+

Top non-repeatable levels by time:
     D:1: 1283 daAuts
     D:2: 806 daAuts
